 Dungeon Crawl Stone Soup version 0.22-a0-880-gb7b0c8b (webtiles) character file.

60 poirepourri the Chopper (level 3, -1/33 HPs)
             Began as a Deep Dwarf Fighter on July 30, 2018.
             Slain by a gnoll
             ... wielding a +0 halberd
              (3 damage)
             ... on level 2 of the Dungeon.
             The game lasted 00:00:55 (764 turns).

poirepourri the Chopper (Deep Dwarf Fighter)         Turns: 764, Time: 00:00:56

Health: -1/33      AC:  8    Str: 19    XL:     3   Next: 82%
Magic:  3/3        EV:  7    Int:  8    God:
Gold:   54         SH:  9    Dex: 13    Spells: 2/2 levels left

rFire    . . .     SeeInvis .   a - +0 war axe
rCold    . . .     Gourm    .   c - +0 shield
rNeg     . . .     Faith    .   b - +0 scale mail
rPois    .         Spirit   .   e - +0 helmet
rElec    .         Reflect  .   (no cloak)
rCorr    .         Harm     .   (no gloves)
MR       .....                  (no boots)
Stlth    ..........             (no amulet)
HPRegen  0.00/turn              (no ring)
MPRegen  0.08/turn              (no ring)

@: non-regenerating
A: damage resistance, heal wounds, sense surroundings 1, no regeneration
a: Heal Wounds


You were on level 2 of the Dungeon.
You were not hungry.

You visited 1 branch of the dungeon, and saw 2 of its levels.

You collected 54 gold pieces.

Inventory:

Hand Weapons
 a - a +0 war axe (weapon)
Armour
 b - a +0 scale mail (worn)
 c - a +0 shield (worn)
 e - a +0 helmet (worn)
Scrolls
 k - a scroll of noise {unknown}
Potions
 d - a potion of might
 g - a potion of mutation {unknown}
 i - 2 potions of curing {unknown}
 j - a potion of heal wounds {unknown}
 l - a potion of haste {unknown}
Comestibles
 f - a ration


   Skills:
 - Level 2.6 Fighting
 + Level 4.6 Axes
 - Level 3.2 Armour
 - Level 3.2 Shields


You had 2 spell levels left.
You didn't know any spells.
Your spell library was empty.

Dungeon Overview and Level Annotations

Branches:
Dungeon (2/15)

Altars:


Innate Abilities, Weirdness & Mutations

You are resistant to damage.
You can heal yourself by infusing magical energy.
You passively map a small area around you.
You do not regenerate.


Message History

Things that are here:
a club; a gnoll corpse The gnoll shouts!
You block the gnoll's attack. The gnoll closely misses you.
You slash the gnoll!
You kill the gnoll!
The gnoll hits you from afar with a halberd.
The gnoll hits you but does no damage. The gnoll hits you with a halberd!
Things that are here:
a club; a gnoll corpse Your shield and scale mail prevent you from hitting the gnoll.
The gnoll hits you but does no damage. The gnoll hits you with a halberd!
You completely miss the gnoll.
The gnoll hits you from afar with a halberd!
* * * LOW HITPOINT WARNING * * *
You block the gnoll's attack.
You slash the gnoll!
The gnoll is almost dead.
The gnoll barely misses you. The gnoll hits you with a halberd.
You die...

, * * , *
* * ## ..#
######...#
#.).@gg..+
#.####(..#
#.#
,+,.('.. ,
#.# * .##.
#.# * ,
.., #.# *
, *,#. *
#.# * #.#
, #.# , ,
,


You could see 2 gnolls.

Vanquished Creatures
  2 gnolls (D:2)
  2 adders (D:2)
  A leopard gecko (D:1)
  A ball python (D:2)
  3 bats (D:1)
  A giant cockroach (D:1)
  3 jackals (D:1)
  6 goblins (D:1)
  A kobold (D:1)
  2 rats (D:1)
22 creatures vanquished.

Notes
Turn   | Place    | Note
-------+----------+-------------------------------------------
     0 | D:1      | poirepourri the Deep Dwarf Fighter began the quest for the Orb.
     0 | D:1      | Reached XP level 1. HP: 20/20 MP: 1/1
   287 | D:1      | Reached skill level 3 in Axes
   287 | D:1      | Reached XP level 2. HP: 27/27 MP: 2/2
   671 | D:2      | Reached skill level 4 in Axes
   671 | D:2      | Reached XP level 3. HP: 26/33 MP: 3/3
   764 | D:2      | Slain by a gnoll

Vault maps used:
D:1:      erik_arrival_cave_to_civilisation, serial_aquarium,
          aquarium_bridge_island_small, aquarium_bridge_long_joined,
          aquarium_window_corridor_3, aquarium_window_fake, aquarium_view_2c
D:2:      overflow_temple_1_default, lemuel_doored_altar,
          grunt_temple_overflow_diamond

Skill      XL: |  1  2 |
---------------+-------+-----
Axes           | 3 4 |  4.6
Fighting       | |  2.6
Armour         | |  3.2
Shields        | |  3.2

Action                   || total
-------------------------++-------
Melee: War axe           ||    71
Throw: Javelin           ||     4
Armor: Scale mail        ||    38
Dodge: Dodged            ||    23
Block: Shield            ||    34

Table legend:
 A = Spawn XP
 B = Non-spawn XP
 C = Spawn XP percentage of total XP
 D = Spawn monster count
 E = Non-spawn monster count
 F = Spawn count percentage of total count
 G = Total turns spent on level
                    A         B        C        D         E        F      G
               +---------+---------+-------+---------+---------+-------+---------
         Total |       0 |      87 |   0.0 |       0 |      22 |   0.0 |   764
               +---------+---------+-------+---------+---------+-------+---------
           D:1 |       0 |      30 |   0.0 |       0 |      17 |   0.0 |   649
           D:2 |       0 |      57 |   0.0 |       0 |       5 |   0.0 |   115
               +---------+---------+-------+---------+---------+-------+---------
